[Event "Titled Tuesday Blitz May 11 2021"]
[White "Mikhalevski, Victor"]
[Black "Suasnabar, Jesus"]
[WhiteFideId "2801914"]
[BlackFideId "3800776"]
[WhiteElo "2567"]
[BlackElo "2002"]
[Result "1-0"]
[Round "03"]
[TimeControl "180+1"]
[Date "2021.05.11"]
[WhiteClock "0:02:11"]
[BlackClock "0:00:03"]

1. Nf3 c5 2. g3 d5 3. Bg2 Nc6 4. d4 Nf6 5. O-O e6 6. c4 dxc4 7. dxc5 Qxd1 8. Rxd1 Bxc5 9. Nbd2 c3 10. bxc3 O-O 11. Nb3 Bb6 12. c4 Ne4 13. e3 e5 14. Bb2 Be6 15. Nxe5 Nxe5 16. Bxe5 Nc5 17. Bd6 Nxb3 18. axb3 Rfd8 19. Bxb7 Bg4 20. Bxa8 Bxd1 21. Rxd1 Bc5 22. Bxc5 Rxd1+ 23. Kg2 a5 24. Bb6 Rb1 25. Bxa5 Rxb3 26. Bd5 Rb1 27. c5 Rb5 28. Bb6 Kf8 29. c6 Rxb6 30. c7 1-0


[Site "https://www.chess.com"]

[Event "Titled Tuesday Blitz May 11 2021"]
[White "Mischuk, Dmitry"]
[Black "Bluebaum, Matthias"]
[WhiteFideId "14118734"]
[BlackFideId "24651516"]
[WhiteElo "2401"]
[BlackElo "2685"]
[Result "0-1"]
[Round "03"]
[TimeControl "180+1"]
[Date "2021.05.11"]
[WhiteClock "0:00:02"]
[BlackClock "0:00:09"]

1. e4 c6 2. d4 d5 3. e5 Bf5 4. h4 h5 5. Bd3 Bxd3 6. Qxd3 Qa5+ 7. Nc3 e6 8. Ne2 Ne7 9. a3 Nf5 10. Rb1 Qa6 11. Qf3 c5 12. Nxd5 Qc6 13. c4 Nxd4 14. Nxd4 cxd4 15. O-O Qxc4 16. Nb4 Nc6 17. Nd3 Be7 18. Bg5 Bxg5 19. hxg5 Rd8 20. Rbc1 Qd5 21. Qg3 Ne7 22. Rfe1 Ng6 23. Qh3 h4 24. Rc5 Qb3 25. Rc7 O-O 26. Qf3 Rd5 27. Qe4 Qb5 28. Rc2 Qd7 29. Rd2 Rc8 30. f4 Ne7 31. Nf2 Nf5 32. Ng4 d3 33. Qf3 Qe7 34. Nf6+ gxf6 35. gxf6 Qf8 36. Rxd3 Rxd3 37. Qxd3 Rd8 38. Qf3 Qh6 0-1


[Site "https://www.chess.com"]

[Event "Titled Tuesday Blitz May 11 2021"]
[White "Miszler, Levente"]
[Black "Idani, Pouya"]
[WhiteFideId "763276"]
[BlackFideId "12510130"]
[WhiteElo "1967"]
[BlackElo "2610"]
[Result "0-1"]
[Round "03"]
[TimeControl "180+1"]
[Date "2021.05.11"]
[WhiteClock "0:00:05"]
[BlackClock "0:00:23"]

1. Nf3 f5 2. c4 d6 3. g3 e5 4. d3 Nf6 5. Bg2 Be7 6. Nc3 a5 7. O-O O-O 8. a3 Qe8 9. Rb1 a4 10. e4 f4 11. d4 Nc6 12. dxe5 dxe5 13. gxf4 Bg4 14. f5 Nd4 15. Be3 Rd8 16. Bxd4 Rxd4 17. Qe2 Bc5 18. Nxd4 exd4 19. Qd3 dxc3 20. bxc3 b6 21. Rfe1 Qh5 22. Qg3 Be2 23. e5 Ne8 24. f6 Bxc4 25. Rbd1 Kh8 26. Rd8 gxf6 27. exf6 Bd6 28. Rexe8 Qd1+ 29. Bf1 Qxf1# 0-1


[Site "https://www.chess.com"]

[Event "Titled Tuesday Blitz May 11 2021"]
[White "Mitrabha, Guha"]
[Black "Suvorov, Luca"]
[WhiteFideId "5057000"]
[BlackFideId "12977071"]
[WhiteElo "2334"]
[BlackElo "2127"]
[Result "0-1"]
[Round "03"]
[TimeControl "180+1"]
[Date "2021.05.11"]
[WhiteClock "0:00:30"]
[BlackClock "0:00:08"]

1. d4 Nf6 2. Nf3 e6 3. Bf4 b6 4. e3 Bb7 5. Nbd2 d6 6. Bd3 Nbd7 7. c3 Qe7 8. Qe2 e5 9. dxe5 dxe5 10. Bg5 e4 11. Nxe4 Bxe4 12. O-O-O Bxd3 13. Qxd3 Qe4 14. Qe2 Bd6 15. Rd4 Qe6 16. Rh4 Qxa2 17. Rd1 Nc5 18. Nd4 Qa1+ 19. Kc2 Qa4+ 20. Kb1 Nfe4 21. Qf3 Nxg5 22. Qxa8+ Kd7 23. b3 Nxb3 24. Nc2 Qxh4 25. Qxh8 Nc5 26. Qxg7 Nge4 27. Qd4 Qxf2 28. Nb4 a5 29. Nd5 Kc8 30. Nf4 Kb7 31. Qd5+ Kb8 32. Qd4 Bxf4 33. exf4 Qe2 34. g4 Kb7 35. h4 Nxc3+ 36. Qxc3 Qxd1+ 37. Kb2 Qe2+ 38. Kb1 a4 39. Qd4 Qe4+ 40. Qxe4+ Nxe4 41. Kc2 c5 42. Kd3 Nf6 43. g5 Nh5 44. f5 a3 45. Kc3 b5 46. Kb3 b4 47. Ka2 c4 48. Kb1 b3 49. Kc1 c3 50. Kd1 a2 51. Ke2 a1=Q 52. Kf3 Qf1+ 53. Kg4 Qe2+ 54. Kh3 Qf3+ 55. Kh2 Qxf5 0-1


[Site "https://www.chess.com"]

[Event "Titled Tuesday Blitz May 11 2021"]
[White "Mohammad Fahad, Rahman"]
[Black "Sarana, Alexey"]
[WhiteFideId "10207791"]
[BlackFideId "24133795"]
[WhiteElo "2323"]
[BlackElo "2629"]
[Result "0-1"]
[Round "03"]
[TimeControl "180+1"]
[Date "2021.05.11"]
[WhiteClock "0:00:05"]
[BlackClock "0:00:37"]

1. e4 c5 2. Nf3 d6 3. d4 cxd4 4. Nxd4 Nf6 5. Nc3 a6 6. Be3 e5 7. Nb3 Be6 8. f3 Nbd7 9. Qd2 b5 10. g4 Be7 11. O-O-O b4 12. Nd5 Bxd5 13. exd5 Nb6 14. Bxb6 Qxb6 15. Kb1 a5 16. g5 Nh5 17. Bd3 Nf4 18. Be4 O-O 19. h4 Rfc8 20. Nc1 a4 21. Ne2 Nxe2 22. Qxe2 a3 23. b3 Qc5 24. c4 bxc3 25. Kc2 Rc7 26. Rh2 Rb8 27. Qd3 g6 28. h5 Bxg5 29. hxg6 fxg6 30. Bxg6 h6 31. Bf5 Rg7 32. Be6+ Kf8 33. Rg2 Ke7 34. Rdg1 Rf8 35. Bg4 Qd4 36. Re1 Qxd3+ 37. Kxd3 Bd2 38. Ree2 Rf4 39. Rh2 Rd4+ 40. Kc2 Kf6 41. Rh5 Rc7 42. Rf5+ Kg7 43. Rg2 Bg5 44. Bh5 Rd2+ 45. Rxd2 cxd2+ 0-1


[Site "https://www.chess.com"]

[Event "Titled Tuesday Blitz May 11 2021"]
[White "Mohammad Nubairshah Shaikh"]
[Black "Shtyka, Sergey"]
[WhiteFideId "5053196"]
[BlackFideId "4138465"]
[WhiteElo "2382"]
[BlackElo "2102"]
[Result "1-0"]
[Round "03"]
[TimeControl "180+1"]
[Date "2021.05.11"]
[WhiteClock "0:01:26"]
[BlackClock "0:00:05"]

1. d4 c5 2. d5 e5 3. e4 d6 4. Nc3 Be7 5. Nf3 Bg4 6. h3 Bxf3 7. Qxf3 a6 8. b3 b5 9. a4 b4 10. Nd1 Bg5 11. Ne3 Bxe3 12. Bxe3 Ne7 13. a5 O-O 14. Bd3 Nd7 15. h4 Nf6 16. g4 Ne8 17. h5 Nc7 18. Qe2 Qd7 19. f4 exf4 20. Bxf4 Nb5 21. h6 g6 22. O-O Nd4 23. Qg2 f6 24. g5 f5 25. e5 dxe5 26. Bxe5 Rad8 27. Bc4 Nxd5 28. Rad1 f4 29. Bxd4 cxd4 30. Rxd4 Rf5 31. Rfd1 f3 32. Rxd5 fxg2 33. Rxd7+ 1-0


[Site "https://www.chess.com"]

[Event "Titled Tuesday Blitz May 11 2021"]
[White "Molina, Roberto Junio Brito"]
[Black "Juhasz, Agoston"]
[WhiteFideId "2109450"]
[BlackFideId "778346"]
[WhiteElo "2402"]
[BlackElo "2211"]
[Result "1-0"]
[Round "03"]
[TimeControl "180+1"]
[Date "2021.05.11"]
[WhiteClock "0:02:03"]
[BlackClock "0:00:19"]

1. d4 Nf6 2. c4 c6 3. Nf3 d5 4. Nc3 a6 5. e3 Bg4 6. h3 Bxf3 7. Qxf3 e6 8. Bd3 Nbd7 9. O-O Be7 10. Rd1 O-O 11. b3 Qa5 12. Bb2 Ba3 13. Bxa3 Qxa3 14. Qe2 Rfd8 15. Rac1 Rac8 16. c5 e5 17. Qd2 a5 18. Na4 Re8 19. Qxa5 Qxa2 20. Qc3 exd4 21. exd4 Ne4 22. Bxe4 Rxe4 23. Rd2 Qa3 24. Ra1 1-0


[Site "https://www.chess.com"]

[Event "Titled Tuesday Blitz May 11 2021"]
[White "Morefield, Jason"]
[Black "Fier, Alexandr"]
[WhiteFideId "30920825"]
[BlackFideId "2107139"]
[WhiteElo "2171"]
[BlackElo "2569"]
[Result "1-0"]
[Round "03"]
[TimeControl "180+1"]
[Date "2021.05.11"]
[WhiteClock "0:01:04"]
[BlackClock "0:00:51"]

1. d4 Nf6 2. c4 c5 3. d5 e6 4. Nc3 exd5 5. cxd5 d6 6. Nf3 g6 7. Nd2 Bg7 8. e4 O-O 9. Be2 Re8 10. O-O Nbd7 11. a4 Ne5 12. Ra3 Bg4 13. f3 Bd7 14. f4 Neg4 15. Nc4 Nxe4 16. Bxg4 Bd4+ 17. Ne3 Nxc3 18. Rxc3 Bxg4 19. Qxg4 Re4 20. Kh1 Bxc3 21. bxc3 Rxa4 22. c4 Qf6 23. f5 Re8 24. fxg6 Qxf1+ 25. Nxf1 hxg6 26. Bd2 Ra1 27. Kg1 Re5 28. Bc3 1-0


[Site "https://www.chess.com"]

[Event "Titled Tuesday Blitz May 11 2021"]
[White "Mukhutdinov, Tigran"]
[Black "Sapunov, Evgeny"]
[WhiteFideId "34108570"]
[BlackFideId "4126661"]
[WhiteElo "2154"]
[BlackElo "2470"]
[Result "1-0"]
[Round "03"]
[TimeControl "180+1"]
[Date "2021.05.11"]
[WhiteClock "0:00:23"]
[BlackClock "0:00:22"]

1. Nf3 Nf6 2. g3 g6 3. b3 Bg7 4. Bb2 O-O 5. Bg2 d6 6. d4 Nbd7 7. O-O Re8 8. c4 c6 9. Nc3 e5 10. e3 e4 11. Nd2 d5 12. cxd5 cxd5 13. Nb5 a6 14. Nd6 Re6 15. Nxc8 Rxc8 16. Bh3 Rec6 17. Rc1 h5 18. Rxc6 Rxc6 19. Nb1 Qa5 20. a3 Bf8 21. Re1 Qc7 22. a4 Bb4 23. Re2 Nf8 24. Na3 Ne6 25. Rc2 Ng5 26. Bg2 Bxa3 27. Rxc6 Qxc6 28. Bxa3 Qc3 29. Be7 Kg7 30. h4 Ngh7 31. Bd6 Ng4 32. Bh3 Nhf6 33. Be5 Nxe5 34. dxe5 Qxe5 35. Qc2 d4 36. Qb2 a5 37. Qxd4 Qxd4 38. exd4 Nd5 39. Bc8 b6 40. Bb7 Nc3 41. Kf1 f5 42. Ke1 Kf6 43. Kd2 Na2 44. Bc6 g5 45. Be8 gxh4 46. gxh4 f4 47. Bxh5 Nb4 48. Be8 Kf5 49. h5 Kg5 50. Bg6 Nd3 51. f3 Nb4 52. fxe4 Nc6 53. d5 Ne5 54. d6 Kf6 55. Bf5 Kg5 56. d7 Nc6 57. e5 Kxf5 58. h6 f3 59. Ke3 Ke6 60. h7 1-0


[Site "https://www.chess.com"]

[Event "Titled Tuesday Blitz May 11 2021"]
[White "Murzin, Volodar"]
[Black "Oparin, Grigoriy"]
[WhiteFideId "44155573"]
[BlackFideId "24125890"]
[WhiteElo "2541"]
[BlackElo "2628"]
[Result "0-1"]
[Round "03"]
[TimeControl "180+1"]
[Date "2021.05.11"]
[WhiteClock "0:00:01"]
[BlackClock "0:00:45"]

1. e4 c5 2. Nf3 d6 3. d4 cxd4 4. Qxd4 Nf6 5. Be2 g6 6. O-O Bg7 7. Rd1 O-O 8. Nc3 Nc6 9. Qe3 Ng4 10. Qf4 Bd7 11. Nd5 Nge5 12. Nxe5 dxe5 13. Qh4 Nd4 14. Nxe7+ Kh8 15. Bd3 Be8 16. c3 Nc6 17. Bg5 f6 18. Nxc6 Bxc6 19. Be3 Qe7 20. b4 b6 21. a4 Rfd8 22. Bc2 Qe6 23. Rxd8+ Rxd8 24. a5 Qc4 25. Rc1 Qxc3 26. h3 Qxb4 27. axb6 axb6 28. Qg4 Bd7 29. Qf3 b5 30. Rd1 Qe7 31. Bb6 Rc8 32. Bb3 Be6 33. Qd3 Bc4 34. Qc2 h5 35. Be3 Qe6 36. Bxc4 bxc4 37. Qc3 Kh7 38. h4 Qc6 39. f3 Bf8 40. Rd5 Kg7 41. f4 exf4 42. Bd4 Be7 43. Ra5 Qxe4 44. Ra7 Rc6 45. Kh2 f3 46. g3 Qe2+ 47. Kh3 Qg2# 0-1


[Site "https://www.chess.com"]

[Event "Titled Tuesday Blitz May 11 2021"]
[White "Narayanan.S.L"]
[Black "Yirik, Volkan"]
[WhiteFideId "5058422"]
[BlackFideId "6300782"]
[WhiteElo "2617"]
[BlackElo "2460"]
[Result "1-0"]
[Round "03"]
[TimeControl "180+1"]
[Date "2021.05.11"]
[WhiteClock "0:02:26"]
[BlackClock "0:01:39"]

1. Nf3 Nf6 2. g3 g6 3. Bg2 Bg7 4. b3 O-O 5. Bb2 d6 6. d4 c5 7. c4 Nc6 8. d5 Na5 9. O-O b5 10. Nbd2 bxc4 11. bxc4 Ba6 12. Qa4 Nd7 13. Bxg7 Kxg7 14. Rab1 Qc7 15. Rfc1 Rab8 16. h4 h5 17. a3 Rxb1 18. Rxb1 Rb8 19. Rxb8 Nxb8 20. Bh3 Qb6 21. Kg2 Bb7 22. Qc2 Qc7 23. Ng5 Bc8 24. Bxc8 Qxc8 25. Qc3+ f6 26. Ne6+ 1-0


[Site "https://www.chess.com"]

[Event "Titled Tuesday Blitz May 11 2021"]
[White "Nazaretyan, Tigran"]
[Black "Saraci, Nderim"]
[WhiteFideId "24162345"]
[BlackFideId "6351921"]
[WhiteElo "2247"]
[BlackElo "2486"]
[Result "1/2-1/2"]
[Round "03"]
[TimeControl "180+1"]
[Date "2021.05.11"]
[WhiteClock "0:00:19"]
[BlackClock "0:00:12"]

1. d4 Nf6 2. c4 e6 3. Nf3 d5 4. Nc3 c6 5. e3 Bd6 6. Qc2 Nbd7 7. Be2 O-O 8. O-O Qe7 9. Rd1 b6 10. b3 Bb7 11. Bb2 Rac8 12. Rac1 Rfe8 13. h3 Ba3 14. Rd2 Bxb2 15. Qxb2 h6 16. Qb1 dxc4 17. bxc4 e5 18. c5 exd4 19. exd4 Rb8 20. cxb6 axb6 21. Bc4 c5 22. Re2 Qf8 23. Ne5 Nxe5 24. dxe5 Nh7 25. Rce1 Ng5 26. f4 Ne6 27. f5 Nd4 28. Re3 b5 29. Nxb5 Nxb5 30. Bxb5 Bc6 31. a4 c4 32. e6 fxe6 33. fxe6 Qc5 34. Kh1 Bxb5 35. Re5 Qa3 36. axb5 c3 37. Qd3 Qb2 38. Rc5 Red8 39. Qc4 Kh8 40. e7 Re8 41. Qxc3 Qxc3 42. Rxc3 Rxb5 43. Rd3 Rbb8 44. h4 Kg8 45. Rf3 Rb7 46. Rfe3 Kf7 47. Rf1+ Kg8 48. Rfe1 Kf7 49. Rf3+ Kg8 50. Rfe3 1/2-1/2


[Site "https://www.chess.com"]

[Event "Titled Tuesday Blitz May 11 2021"]
[White "Nemeth Junior, Henrique"]
[Black "Atabayev, Saparmyrat"]
[WhiteFideId "2118815"]
[BlackFideId "14000571"]
[WhiteElo "1976"]
[BlackElo "2483"]
[Result "0-1"]
[Round "03"]
[TimeControl "180+1"]
[Date "2021.05.11"]
[WhiteClock "0:00:14"]
[BlackClock "0:02:03"]

1. e4 c5 2. Nf3 d6 3. d4 cxd4 4. Nxd4 e5 5. Ne2 Nf6 6. Nbc3 Be7 7. g3 Be6 8. Bg2 O-O 9. O-O Nc6 10. Nd5 Bxd5 11. exd5 Na5 12. b3 Nd7 13. c4 f5 14. f4 Bf6 15. Rb1 Qb6+ 16. Kh1 Rae8 17. Bd2 Qc7 18. Qe1 b6 19. Bxa5 bxa5 20. Qf2 Nc5 21. Rfd1 e4 22. Qe3 Qb7 23. Nd4 Bxd4 24. Rxd4 Rb8 25. Bf1 Qb4 26. Kg2 a4 27. Be2 axb3 28. axb3 a5 29. Qd2 Qxd2 30. Rxd2 Rxb3 31. Rxb3 Nxb3 32. Ra2 Ra8 33. Bd1 Nc5 34. Kf2 a4 35. Ke3 Kf7 36. Kd4 Ke7 37. g4 g6 38. h4 Rb8 39. Kc3 Ra8 40. Kb4 Kf6 41. Bxa4 fxg4 42. Bb3 Rb8+ 43. Kc3 Rxb3+ 44. Kd2 Rd3+ 0-1


[Site "https://www.chess.com"]

[Event "Titled Tuesday Blitz May 11 2021"]
[White "Nguyen, Ngoc Truong Son"]
[Black "elohunter1999"]
[WhiteFideId "12401110"]
[WhiteElo "2596"]
[BlackElo "2557"]
[Result "0-1"]
[Round "03"]
[TimeControl "180+1"]
[Date "2021.05.11"]
[WhiteClock "0:00:02"]
[BlackClock "0:00:09"]

1. d4 Nf6 2. Nf3 d5 3. Bf4 c5 4. e3 Nc6 5. Nbd2 Qb6 6. dxc5 Qxb2 7. Rb1 Qc3 8. Bb5 e6 9. O-O Be7 10. Be5 Qxc5 11. c4 O-O 12. Nb3 Qb6 13. Ba1 dxc4 14. Bxc4 Qc7 15. Qe2 a6 16. Rfc1 b5 17. Bd3 Bb7 18. Nfd4 Nxd4 19. Bxd4 Qd8 20. Rd1 Qd5 21. f3 Qh5 22. Na5 Bc8 23. Nc6 Bd6 24. g4 Qh4 25. Bxf6 Qxf6 26. Be4 e5 27. Ne7+ Qxe7 28. Bxa8 Bxg4 29. fxg4 Rxa8 30. Qd3 Bc5 31. Qe4 Re8 32. Kg2 g6 33. Rd5 Ba7 34. Rbd1 Qg5 35. Kf3 f5 36. gxf5 gxf5 37. Qc2 Qxe3+ 38. Kg2 Qg5+ 39. Kh1 Kh8 40. Qc6 Rg8 41. Rd7 Qg1+ 0-1


[Site "https://www.chess.com"]

[Event "Titled Tuesday Blitz May 11 2021"]
[White "Noboa Silva, Kevin"]
[Black "Urazayev, Arystanbek"]
[WhiteFideId "3618471"]
[BlackFideId "13709810"]
[WhiteElo "2161"]
[BlackElo "2321"]
[Result "0-1"]
[Round "03"]
[TimeControl "180+1"]
[Date "2021.05.11"]
[WhiteClock "0:00:01"]
[BlackClock "0:00:07"]

1. d4 Nf6 2. c4 g6 3. Nc3 Bg7 4. e4 d6 5. h3 O-O 6. Bg5 c5 7. d5 b5 8. cxb5 a6 9. a4 Qa5 10. Bd2 axb5 11. Bxb5 Ba6 12. Ra3 Nbd7 13. Nf3 Qb6 14. O-O Rfb8 15. Qc2 Qc7 16. Re1 Ne8 17. Bxd7 Qxd7 18. e5 dxe5 19. Nxe5 Bxe5 20. Rxe5 Nd6 21. Ra2 Bc4 22. Ra1 Bb3 23. Qd3 Nc4 24. Re2 Nxb2 25. Qg3 Nc4 26. Bh6 f6 27. Rae1 Re8 28. h4 Nd6 29. Bf4 Nf5 30. Qd3 c4 31. Qd2 Nxh4 32. d6 e5 33. Bg3 Nf5 34. Qd5+ Qf7 35. Qf3 Nd4 36. Qe3 Nxe2+ 37. Rxe2 Rad8 38. Nb5 Bxa4 39. Nc3 Bc6 40. Rd2 Rd7 41. Qc5 Bb7 42. f4 exf4 43. Bxf4 g5 44. Bg3 Red8 45. Rf2 h6 46. Qd4 Qe6 47. Rxf6 Qe8 48. Rxh6 Rg7 49. Be5 Qf8 50. Bxg7 Qxg7 51. Qxg7+ Kxg7 52. Re6 Bc8 53. Re7+ Kf6 54. Rc7 Be6 55. Kf2 Ke5 56. Rc5+ Kd4 57. Na4 Bd7 0-1


[Site "https://www.chess.com"]

[Event "Titled Tuesday Blitz May 11 2021"]
[White "Nygren, Kim"]
[Black "Yuan, Qingyu"]
[WhiteFideId "1706136"]
[BlackFideId "8609772"]
[WhiteElo "2257"]
[BlackElo "2359"]
[Result "0-1"]
[Round "03"]
[TimeControl "180+1"]
[Date "2021.05.11"]
[WhiteClock "0:00:05"]
[BlackClock "0:00:16"]

1. e4 c5 2. Nf3 d6 3. d4 cxd4 4. Nxd4 Nf6 5. Nc3 a6 6. Be2 e5 7. Nb3 Be7 8. Be3 Be6 9. O-O O-O 10. f4 exf4 11. Bxf4 Nc6 12. Qe1 Rc8 13. Rd1 Qb6+ 14. Kh1 Nb4 15. Bd3 Rfe8 16. e5 dxe5 17. Bxe5 Nxd3 18. cxd3 Bxb3 19. axb3 Qxb3 20. Qg3 Qe6 21. d4 Nh5 22. Qf3 Qg6 23. Qxb7 f6 24. Nd5 Bf8 25. Nf4 Qg4 26. Nxh5 Qxh5 27. Qd5+ Kh8 28. Rde1 fxe5 29. dxe5 h6 30. Qb7 Rc5 31. e6 Re5 32. Qxa6 Rxe1 33. Rxe1 Qc5 34. Qf1 Bd6 35. Qf7 Rf8 36. e7 Rxf7 37. e8=Q+ Rf8 38. Qe4 Bc7 39. g3 Qf2 40. Rd1 Bb6 41. Qd5 Qxb2 42. Qe4 Qf2 43. Re1 Qf6 44. Qe2 Bd4 45. Qd3 Qc6+ 46. Re4 Re8 47. Qf3 Qxe4 48. Kg2 Qxf3+ 49. Kxf3 Bf6 50. Kg4 Rf8 51. Kh5 Kg8 52. g4 Kf7 53. h4 Re8 54. g5 g6+ 55. Kxh6 Rh8# 0-1


[Site "https://www.chess.com"]

[Event "Titled Tuesday Blitz May 11 2021"]
[White "Paul, Justin"]
[Black "Krivonosov, Oleg"]
[WhiteFideId "2086581"]
[BlackFideId "11600349"]
[WhiteElo "2034"]
[BlackElo "2469"]
[Result "1/2-1/2"]
[Round "03"]
[TimeControl "180+1"]
[Date "2021.05.11"]
[WhiteClock "0:00:12"]
[BlackClock "0:00:10"]

1. Nf3 d5 2. b3 Nf6 3. Bb2 e6 4. e3 Be7 5. Ne5 c5 6. f4 Nbd7 7. Bd3 O-O 8. O-O Ne4 9. Nc3 f5 10. Nxe4 fxe4 11. Be2 Nxe5 12. fxe5 Bd7 13. Bg4 Qc7 14. Qe2 Rxf1+ 15. Rxf1 Rf8 16. c4 Rxf1+ 17. Qxf1 Qc8 18. Qf4 Bc6 19. Bh3 b6 20. Qg4 Kf7 21. Qh5+ Kg8 22. Qg4 Kf7 23. Qh5+ Kg8 24. Bg4 dxc4 25. bxc4 h6 26. Qh3 Bd7 27. Bc3 Bg5 28. g3 Qe8 29. Qg2 Bc6 30. h4 Bd8 31. Qh3 Bd7 32. Qf1 Qf7 33. Qf4 Bc6 34. Bh3 h5 35. Bg2 Qg6 36. d3 Be7 37. dxe4 Qf7 38. Kf2 g5 39. hxg5 Bxg5 40. Qf3 Qxf3+ 41. Bxf3 Be8 42. Kg2 Kg7 43. Kf2 Bg6 44. Ke2 Kf8 45. Kd3 Ke7 46. Be1 Kd7 47. a4 Kc6 48. Bd1 a6 49. Bb3 Bf7 50. Bd1 Bg6 51. Bc3 Bf7 52. Bd2 Bg6 53. Bb3 Bf7 54. Bc2 Bg6 55. Bd1 Bf7 56. Bb3 Bg6 57. a5 Bf7 58. axb6 Kxb6 59. Ba4 Be7 60. Kc3 Bg5 61. Bd7 h4 62. gxh4 Bxh4 63. Kb3 Bg3 64. Bc3 Bf2 65. Bd2 Bg3 66. Bc3 Bf2 67. Bd2 Bg3 1/2-1/2


[Site "https://www.chess.com"]

[Event "Titled Tuesday Blitz May 11 2021"]
[White "Pein, Jonathan"]
[Black "Gabrielian, Artur"]
[WhiteFideId "417092"]
[BlackFideId "4131002"]
[WhiteElo "2167"]
[BlackElo "2539"]
[Result "0-1"]
[Round "03"]
[TimeControl "180+1"]
[Date "2021.05.11"]
[WhiteClock "0:01:39"]
[BlackClock "0:01:58"]

1. e4 e5 2. Nf3 Nc6 3. Nc3 Nf6 4. d4 exd4 5. Nd5 Be7 6. Bf4 d6 7. Nxd4 Nxd5 8. exd5 Nxd4 9. Qxd4 O-O 10. O-O-O Bf6 11. Qd2 Re8 12. Bd3 Bg4 13. f3 Bh5 14. g4 Bg6 15. h4 Bxd3 16. Qxd3 Qd7 17. h5 Qa4 18. Qd2 Qxa2 19. c3 a5 20. g5 Be5 21. g6 Qa1+ 22. Kc2 Qa4+ 23. b3 Qxf4 0-1


[Site "https://www.chess.com"]

[Event "Titled Tuesday Blitz May 11 2021"]
[White "Petrovskyi, Vadym"]
[Black "Jakubowski, Krzysztof"]
[WhiteFideId "14165210"]
[BlackFideId "1112848"]
[WhiteElo "2219"]
[BlackElo "2462"]
[Result "1-0"]
[Round "03"]
[TimeControl "180+1"]
[Date "2021.05.11"]
[WhiteClock "0:00:09"]
[BlackClock "0:00:02"]

1. e4 c5 2. Nf3 e6 3. d4 cxd4 4. Nxd4 Nc6 5. Nxc6 bxc6 6. c4 Bc5 7. Bd3 d6 8. O-O Ne7 9. Nc3 e5 10. a3 a5 11. Qe2 Rb8 12. Rb1 Bd4 13. Be3 O-O 14. Na4 c5 15. Nc3 Bxc3 16. bxc3 Bd7 17. Rxb8 Qxb8 18. Rb1 Qc7 19. Qb2 Bc6 20. f3 f6 21. Qb6 Qxb6 22. Rxb6 Ra8 23. Bc2 Kf7 24. Kf2 Ke6 25. Ke2 Kd7 26. Rb1 Kc7 27. g3 Nc8 28. Kd3 Nb6 29. h4 Bd7 30. Bb3 Rb8 31. Ba2 h5 32. Bd2 Na4 33. Rxb8 Kxb8 34. Bb3 Nb6 35. f4 Kc7 36. f5 Ba4 37. Bxa4 Nxa4 38. Bc1 Kd7 39. Kc2 Nb6 40. Kd3 Ke7 41. Be3 Kf7 42. Bc1 Kg8 43. Be3 Na4 44. Bc1 Kf7 45. Kc2 Nb6 46. Kd3 g6 47. Be3 Na4 48. Bc1 Nb6 49. Be3 a4 50. Bc1 Nc8 51. Be3 Ne7 52. fxg6+ Kxg6 53. Bd2 Nc6 54. Be3 Na5 55. Bc1 Nb3 56. Be3 Na5 57. Bc1 Nb7 58. Be3 Nd8 59. Bc1 Ne6 60. Be3 f5 61. Bd2 Nf8 62. Bg5 fxe4+ 63. Kxe4 Kf7 64. Kd5 1-0


[Site "https://www.chess.com"]

[Event "Titled Tuesday Blitz May 11 2021"]
[White "Pulpan, Jakub"]
[Black "Rozhkov, Viacheslav"]
[WhiteFideId "302759"]
[BlackFideId "4181484"]
[WhiteElo "2471"]
[BlackElo "2324"]
[Result "0-1"]
[Round "03"]
[TimeControl "180+1"]
[Date "2021.05.11"]
[WhiteClock "0:01:47"]
[BlackClock "0:00:11"]

1. e4 c5 2. Nf3 d6 3. Bb5+ Nd7 4. d4 cxd4 5. Qxd4 a6 6. Bxd7+ Bxd7 7. O-O e5 8. Qd3 h6 9. Nfd2 Rc8 10. Nc3 Nf6 11. Nc4 Qc7 12. Ne3 Be6 13. Rd1 Be7 14. Ned5 Bxd5 15. Nxd5 Nxd5 16. Qxd5 Qxc2 17. Be3 Qc6 18. Qb3 Qxe4 19. f3 Qc6 20. Rac1 Qd7 21. Rxc8+ Qxc8 22. Rc1 Qd7 23. Qb6 O-O 24. Rc7 Qe6 25. Qxb7 Bg5 26. Bxg5 hxg5 27. Qb3 Qxb3 28. axb3 Rb8 29. Rc6 Rxb3 30. Rxd6 Rxb2 31. Rxa6 f6 32. h3 Kh7 33. Kh2 Kg6 34. Kg3 Kf5 35. Ra4 Rd2 36. Ra7 Kg6 37. Ra4 Rd4 38. Ra6 e4 39. fxe4 Rxe4 40. Ra3 f5 41. Ra6+ Kh5 42. Ra5 g6 43. Ra8 Kh6 44. Rh8+ Kg7 45. Rb8 Re3+ 46. Kf2 f4 47. Rb7+ Kh6 48. Rb8 Ra3 49. Rh8+ Kg7 50. Rc8 Ra2+ 51. Kf3 Ra3+ 52. Kf2 g4 53. hxg4 Rg3 54. Rc7+ Kh6 55. Rf7 Rxg4 56. Kf3 Kg5 57. Rb7 Rg3+ 58. Kf2 Ra3 59. Rb5+ Kg4 60. Rb2 g5 61. Rd2 Rb3 62. Ra2 Kh4 63. Ra8 Rb2+ 64. Kg1 g4 65. Ra3 Rb1+ 66. Kf2 Rb2+ 67. Kf1 Rc2 68. g3+ fxg3 69. Ra8 g2+ 70. Kg1 Kh3 71. Ra3+ Kh4 72. Rg3 Rc1+ 73. Kxg2 Rc2+ 74. Kg1 0-1


[Site "https://www.chess.com"]

[Event "Titled Tuesday Blitz May 11 2021"]
[White "Quintiliano Pinto, Renato R."]
[Black "Lintchevski, Daniil"]
[WhiteFideId "2117568"]
[BlackFideId "4171055"]
[WhiteElo "2439"]
[BlackElo "2505"]
[Result "1/2-1/2"]
[Round "03"]
[TimeControl "180+1"]
[Date "2021.05.11"]
[WhiteClock "0:00:18"]
[BlackClock "0:00:43"]

1. d4 d5 2. c4 dxc4 3. Nf3 Nf6 4. e3 e6 5. Bxc4 a6 6. O-O c5 7. Bb3 Be7 8. Nc3 O-O 9. Qe2 cxd4 10. exd4 Nc6 11. Rd1 Na5 12. Bc2 b5 13. d5 exd5 14. Bg5 Bb7 15. Qd3 g6 16. Qd4 Ne4 17. Bxe7 Qxe7 18. Nxd5 Bxd5 19. Qxd5 Nf6 20. Qg5 Rae8 21. a4 Nc4 22. axb5 axb5 23. Qxb5 Nd6 24. Qb4 Nde4 25. Qxe7 Rxe7 26. Re1 Rb8 27. Ng5 Rbe8 28. Nxe4 Nxe4 29. Rxe4 Rxe4 30. Bxe4 Rxe4 31. Rb1 Rb4 32. Kf1 h5 33. Ke2 h4 34. h3 Kf8 35. Kd3 Ke7 36. Kc3 Rf4 37. f3 Kd6 38. Re1 Rf5 39. Re4 g5 40. Rc4 Re5 41. b4 Re2 42. Rd4+ Kc6 43. Rd2 Re1 44. Kc4 Rc1+ 45. Kb3 Rb1+ 46. Rb2 Rd1 47. Rc2+ Kb6 48. Kc4 f6 49. Re2 Rd6 50. b5 Kc7 51. Kc5 Rd1 52. b6+ Kd7 53. Rb2 Kc8 54. Kc6 f5 55. Rb5 Rd2 56. Rxf5 Rc2+ 57. Kd6 Rxg2 58. Rf7 Kb8 59. Rg7 Rf2 60. Rf7 Rd2+ 61. Ke6 Rh2 62. Rf5 Rxh3 63. Rxg5 Rxf3 64. Rh5 h3 65. Ke5 Kb7 66. Ke4 Ra3 67. Kf4 Ra4+ 68. Kg3 Ra3+ 69. Kh2 Kxb6 70. Rxh3 Rxh3+ 71. Kxh3 1/2-1/2


[Site "https://www.chess.com"]

[Event "Titled Tuesday Blitz May 11 2021"]
[White "Quintin Navarro, Alberto"]
[Black "Gokerkan, Cem Kaan"]
[WhiteFideId "2292688"]
[BlackFideId "6336760"]
[WhiteElo "2289"]
[BlackElo "2361"]
[Result "1-0"]
[Round "03"]
[TimeControl "180+1"]
[Date "2021.05.11"]
[WhiteClock "0:00:09"]
[BlackClock "0:00:02"]

1. c4 g6 2. g3 Bg7 3. Bg2 Nf6 4. Nf3 O-O 5. O-O d6 6. Nc3 Nbd7 7. d3 e5 8. Rb1 a5 9. a3 Re8 10. Nd2 h5 11. h3 Nc5 12. b4 axb4 13. axb4 Ne6 14. e3 Qd7 15. Nd5 Nxd5 16. cxd5 Ng5 17. h4 Nh7 18. Bb2 Nf6 19. Nc4 Qd8 20. Ra1 Rxa1 21. Qxa1 Bf5 22. e4 Bd7 23. Qa7 b6 24. Qb7 Bb5 25. Ra1 Qb8 26. Qxb8 Rxb8 27. Ra7 Ne8 28. f4 exf4 29. Bxg7 Kxg7 30. gxf4 Kf8 31. e5 dxe5 32. fxe5 Rd8 33. Kf2 Rd7 34. Ke3 Re7 35. Kf4 Rd7 36. Be4 Rd8 37. e6 fxe6 38. dxe6 Ke7 39. Ke5 Rc8 40. Nxb6 Rb8 41. Nd5+ Kd8 42. Bxg6 Nd6 43. Ra1 Be8 44. Bxe8 Kxe8 45. Rg1 Rb5 46. Rg8# 1-0


[Site "https://www.chess.com"]